 Dungeon Crawl Stone Soup version 0.20.1-1-g8b1a95d (console) character file.

53 bli the Chiller (level 3, -1/24 HPs)
             Began as a Merfolk Ice Elementalist on July 22, 2017.
             Slain by Natasha (10 damage)
             ... on level 2 of the Dungeon.
             The game lasted 00:05:25 (1295 turns).

bli the Chiller (Merfolk Ice Elementalist)          Turns: 1295, Time: 00:05:26

Health: -1/24      AC:  0    Str:  8    XL:     3   Next: 87%
Magic:  5/7        EV: 15    Int: 14    God:
Gold:   108        SH:  0    Dex: 15    Spells: 6/7 levels left

rFire    . . .     SeeInvis .   (weapon currently unavailable)
rCold    . . .     Gourm    .   (shield currently unavailable)
rNeg     . . .     Faith    .   (armour currently unavailable)
rPois    .         Spirit   .   (helmet currently unavailable)
rElec    .         Reflect  .   (cloak currently unavailable)
rCorr    .         Harm     .   (gloves currently unavailable)
MR       .....                  (boots currently unavailable)
Stlth    ++........             (no amulet)
Regen    0.1/turn               (ring currently unavailable)
MPRegen  0.1/turn               (ring currently unavailable)

@: pig-form, slowed
A: (change form in water), (swift swim), (stealthy swim)
a: no special abilities


You were on level 2 of the Dungeon.
You were not hungry.
You were a filthy swine.
You visited 1 branch of the dungeon, and saw 2 of its levels.

You collected 108 gold pieces.

Inventory:

Hand Weapons
 l - a +1 short sword of electrocution (melded)
Missiles
 f - 49 stones (quivered)
Armour
 a - a +0 robe
 r - a cursed +0 robe (melded)
 t - a +0 robe of magic resistance
Jewellery
 e - a ring of ice (melded)
Wands
 o - a wand of random effects (15/48)
Scrolls
 d - a scroll of remove curse {unknown}
 k - a scroll of enchant weapon {unknown}
 m - a scroll of immolation {unknown}
 p - a scroll of identify {unknown}
 s - a scroll of teleportation {unknown}
Potions
 i - a potion of curing {unknown}
 n - 3 potions of flight {unknown}
Books
 b - a book of Frost

   Spells                             Type                      Level
   a - Freeze                         Ice                          1
   b - Throw Frost                    Conjuration/Ice              2
   c - Ozocubu's Armour               Charms/Ice                   3
   d - Throw Icicle                   Conjuration/Ice              4
   e - Summon Ice Beast               Ice/Summoning                4
Comestibles
 c - 3 bread rations
 g - 3 chunks of flesh
 h - 4 fruits
 j - 2 meat rations
 q - a royal jelly


   Skills:
 + Level 2.8 Dodging
 + Level 2.6 Stealth
 * Level 2.9 Spellcasting
   Level 0.7 Conjurations
 + Level 4.1 Ice Magic


You had 6 spell levels left.
You knew the following spells:

 Your Spells              Type           Power        Failure   Level  Hunger
a - Freeze                Ice            ##..         4%          1    #......


Dungeon Overview and Level Annotations

Branches:
Dungeon (2/15)

Altars:
Nemelex Xobeh

Annotations:
D:2 Natasha


Message History

You closely miss Natasha.
Natasha is severely wounded.
Natasha barely misses you.
You hit Natasha but do no damage.
Natasha is severely wounded.
Natasha claws you.
Natasha zaps a wand.
You resist with significant effort.
You hit Natasha but do no damage.
Natasha is severely wounded.
Natasha claws you.
You hit Natasha but do no damage.
Natasha is severely wounded.
Natasha closely misses you.
You closely miss Natasha.
Natasha is severely wounded.
Natasha stares at you and mumbles some strange words.
The magic dart hits you! Natasha claws you.
You hit Natasha but do no damage.
Natasha is severely wounded.
Natasha claws you!
You die...

..........# #.....
)......#..###..#
...............#
...............# ...
...............# ..#
......<......#.# ..#
##...#.......#.# ..#
###...#.##..#.# ..#
####..........# ..#
#.....<.##....##h.#
#.##...........h..#
##.########........#
...# #....##### ####
####.#.## #.......#
#.......#
######.......#
#.........)..#
#.####.......######
#.# #.<..........#
##.# #........###.#


You could see Natasha.

Vanquished Creatures
  An adder (D:2)
  2 worms (D:2)
  A leopard gecko (D:2)
  3 bats (D:2)
  2 giant cockroaches (D:2)
  2 goblins
  6 hobgoblins
  3 jackals (D:2)
  A ball python (D:2)
  4 frilled lizards
  3 kobolds (D:1)
  9 rats
37 creatures vanquished.

Notes
Turn   | Place    | Note
-------+----------+-------------------------------------------
     0 | D:1      | bli the Merfolk Ice Elementalist began the quest for the Orb.
     0 | D:1      | Reached XP level 1. HP: 13/13 MP: 3/3
   153 | D:1      | Reached XP level 2. HP: 1/19 MP: 0/5
   478 | D:1      | Found a sparkling altar of Nemelex Xobeh.
   819 | D:2      | Reached XP level 3. HP: 15/24 MP: 2/6
   981 | D:2      | Reached skill level 4 in Ice Magic
  1268 | D:2      | Noticed Natasha
  1295 | D:2      | Slain by Natasha

Skill      XL: |  1  2  3 |
---------------+----------+-----
Ice Magic      | 4 |  4.1
Dodging        | |  2.8
Stealth        | |  2.6
Spellcasting   | |  2.9
Conjurations   | |  0.7

Action                   || total
-------------------------++-------
Melee: Unarmed           ||    32
       Short sword       ||    33
 Cast: Freeze            ||    29
 Stab: Sleeping          ||     5
  Eat: Chunk             ||     2
Armor: Robe              ||    10
Dodge: Dodged            ||    53
